Map: 2000 Atmospheres LE

Players

Rogue - Winner!

  • Race: Zerg Zerg

Serral

  • Race: Zerg Zerg

Event: DreamHack SC2 Masters 2021 Winter

VOD

Have the link to the VOD?

Description

Time

  • Played on: Nov. 13, 2021, 1:39 p.m.
  • Length: 12:01

All games in this series

Show
View Real Time Build Order
Export as new Build Order

Rogue Zerg - Winner!

Build Orders: Hatch First 

Get SALT Encoding   

  12  0:00  Drone  
  13  0:12  Overlord  
  13  0:16  Drone  
  14  0:30  Drone x2  
  16  0:47  Hatchery  
  15  0:51  Drone  
  15  0:54  Drone  
  17  0:57  Drone  
  18  1:08  Extractor  
  17  1:12  Spawning Pool  
  17  1:15  Drone  
  17  1:18  Drone  
  18  1:28  Drone  
  19  1:39  Drone  
  20  1:50  Drone  
  21  1:59  Queen x2  
  21  2:00  Zergling x2  
  26  2:01  Overlord  
  26  2:10  Drone  
  26  2:12  Drone, Metabolic Boost  
  28  2:22  Drone x2  
  30  2:33  Drone x2  
  32  2:37  Hatchery  
  32  2:43  Queen  
  33  2:47  Drone  
  34  2:53  Drone, Baneling Nest  
  34  2:57  Overlord  
  34  2:59  Zergling x2  
  34  3:04  Drone  
  36  3:16  Zergling x6  
  36  3:17  Drone  
  36  3:18  Drone x3  
  43  3:24  Overlord  
  43  3:27  Drone  
  43  3:32  Evolution Chamber  
  43  3:42  Drone  
  43  3:47  Drone x5  
  49  3:49  Drone  
  49  3:53  Drone x3  
  53  3:58  Zerg Missile Weapons Level 1  
  53  4:00  Overlord  
  53  4:03  Extractor x2  
  53  4:04  Drone x2, Roach Warren  
  53  4:09  Lair  
  52  4:13  Drone x3  
  52  4:16  Drone x2  
  57  4:18  Drone  
  57  4:22  Baneling x2  
  58  4:24  Overlord  
  58  4:31  Drone x5  
  62  4:32  Drone  
  62  4:36  Overlord  
  64  4:43  Overlord  
  64  4:46  Overlord  
  64  4:50  Roach  
  64  4:51  Roach x4  
  64  4:52  Drone  
  74  4:54  Extractor x2  
  74  4:55  Baneling x2  
  74  4:56  Baneling  
  74  4:59  Overlord  
  71  5:03  Roach x2  
  71  5:06  Drone x2  
  77  5:11  Drone  
  78  5:15  Extractor  
  78  5:17  Drone x2  
  78  5:18  Drone x3  
  82  5:21  Pneumatized Carapace  
  82  5:22  Glial Reconstitution  
  82  5:26  Drone x5  
  87  5:31  Overseer  
  87  5:33  Drone x4  
  91  5:36  Drone  
  91  5:39  Overlord  
  91  5:42  Evolution Chamber  
  91  5:50  Spore Crawler  
  91  5:51  Overseer  
  91  5:53  Drone  
  91  5:54  Drone  
  91  5:55  Zerg Missile Weapons Level 2  
  91  5:56  Baneling x4, Spore Crawler  
  91  5:57  Spore Crawler  
  91  5:59  Roach x3  
  96  6:10  Roach  
  98  6:15  Roach x4  
  106  6:19  Zerg Ground Armor Level 1  
  106  6:20  Hatchery  
  106  6:25  Roach x4  
  113  6:27  Overlord  
  113  6:33  Overlord  
  113  6:36  Overlord  
  113  6:43  Overlord x2  
  113  6:44  Tunneling Claws, Burrow  
  113  6:49  Drone x8  
  113  6:51  Overlord  
  121  6:54  Ravager x4  
  121  6:55  Ravager  
  121  6:57  Roach  
  121  6:58  Roach  
  121  7:00  Roach  
  132  7:03  Roach  
  132  7:09  Roach x5  
  132  7:11  Queen  
  144  7:19  Roach x3  
  144  7:20  Roach x3  
  155  7:23  Roach x2  
  159  7:32  Nydus Network  
  159  7:35  Roach x3  
  159  7:36  Overlord  
  159  7:37  Overlord  
  164  7:48  Roach x2  
  164  7:49  Overlord x2  
  168  7:55  Overlord  
  168  7:58  Roach x8  
  178  7:59  Overlord  
  178  8:02  Overlord x2  
  184  8:08  Roach x2  
  184  8:12  Roach x5  
  185  8:14  Roach  
  185  8:15  Roach  
  185  8:17  Nydus Canal  
  185  8:19  Roach  
  189  8:22  Roach x24  
  189  8:26  Roach  
  190  8:35  Roach x4  
  190  8:38  Roach x2  
  190  8:39  Roach x4  
  190  8:40  Roach x4  
  182  8:45  Roach  
  182  8:46  Nydus Canal  
  182  8:47  Roach x20  
  178  8:54  Roach x4  
  184  8:56  Roach x3  
  184  9:07  Nydus Canal  
  184  9:09  Roach x2  
  186  9:11  Roach  
  186  9:12  Roach x2  
  186  9:13  Roach  
  186  9:17  Roach x2  
  194  9:22  Nydus Canal  
  194  9:24  Roach x2  
  198  9:26  Roach  
  198  9:27  Roach  
  198  9:30  Roach x2  
  196  9:33  Roach x27  
  196  9:34  Roach x2  
  182  9:38  Roach x3  
  182  9:44  Roach  
  190  9:45  Roach  
  190  9:53  Roach x5  
  190  9:58  Roach  
  198  10:01  Roach  
  198  10:06  Roach x9  
  198  10:07  Roach x10  
  183  10:08  Nydus Canal  
  183  10:11  Roach x8  
  183  10:12  Roach  
  190  10:16  Roach x2  
  190  10:17  Roach  
  190  10:18  Roach  
  190  10:22  Drone  
  190  10:23  Roach, Extractor  
  190  10:24  Roach  
  194  10:30  Roach x3  
  194  10:31  Roach x43  
  200  10:37  Roach x18  
  200  10:48  Spire  
  200  10:49  Extractor  
  198  10:55  Roach  
  198  11:05  Drone x2  
  192  11:16  Roach x9  
  192  11:23  Nydus Canal  
  192  11:24  Roach x6  
  192  11:25  Roach x4  
  180  11:26  Roach x10  
  180  11:28  Roach  
  180  11:32  Roach x5  
  192  11:34  Roach x14  
Show
View Real Time Build Order
Export as new Build Order

Serral Zerg 

Build Orders: Hatch First 

Get SALT Encoding   

  12  0:00  Drone  
  13  0:12  Overlord  
  13  0:17  Drone  
  14  0:31  Drone x2  
  16  0:47  Hatchery  
  15  0:51  Drone  
  15  0:55  Drone  
  17  0:59  Drone  
  18  1:09  Extractor  
  17  1:13  Spawning Pool  
  17  1:16  Drone  
  17  1:19  Drone  
  18  1:28  Drone  
  19  1:39  Drone  
  20  1:57  Drone  
  20  1:59  Queen x2  
  20  2:00  Zergling x2, Overlord  
  26  2:10  Drone  
  26  2:11  Drone  
  26  2:12  Metabolic Boost  
  28  2:22  Drone, Zergling x2  
  30  2:33  Hatchery  
  30  2:36  Drone  
  30  2:38  Drone  
  31  2:45  Baneling Nest  
  31  2:47  Drone  
  31  2:50  Overlord  
  31  2:56  Drone x2  
  33  3:02  Queen  
  35  3:07  Drone  
  35  3:08  Drone  
  35  3:10  Drone  
  35  3:11  Drone  
  39  3:14  Zergling x2  
  39  3:16  Zergling x2  
  41  3:20  Overlord  
  41  3:22  Zergling x2  
  41  3:24  Zergling x2  
  43  3:28  Evolution Chamber  
  43  3:30  Drone  
  43  3:31  Drone  
  44  3:39  Drone x4  
  48  3:44  Overlord  
  48  3:46  Drone  
  48  3:47  Baneling  
  49  3:56  Zerg Missile Weapons Level 1, Roach Warren  
  49  3:58  Zergling x2  
  49  3:59  Drone  
  49  4:02  Drone, Zergling x2  
  51  4:06  Drone x2  
  54  4:10  Drone x2  
  54  4:16  Drone x3  
  60  4:17  Drone x2  
  60  4:19  Baneling  
  60  4:24  Lair  
  60  4:28  Drone x3, Extractor x2  
  61  4:32  Overlord  
  61  4:35  Drone  
  61  4:36  Drone x2  
  63  4:39  Zergling x2  
  63  4:41  Drone  
  65  4:49  Overlord  
  65  4:52  Drone x3  
  68  4:53  Drone x3  
  68  4:54  Drone  
  68  4:55  Drone  
  68  4:56  Extractor, Overlord  
  68  4:57  Overlord  
  72  5:02  Overlord  
  72  5:06  Drone  
  72  5:09  Drone  
  72  5:10  Pneumatized Carapace  
  72  5:13  Drone  
  74  5:15  Extractor x2  
  74  5:17  Drone  
  74  5:19  Drone  
  74  5:22  Drone x4, Overseer  
  74  5:23  Glial Reconstitution  
  74  5:24  Drone x2  
  74  5:26  Roach  
  74  5:27  Roach x2  
  86  5:34  Hatchery  
  85  5:36  Overlord  
  85  5:40  Roach  
  85  5:41  Roach  
  89  5:47  Roach x4  
  97  5:51  Overlord  
  97  5:55  Roach x3  
  103  5:58  Overlord  
  103  6:04  Roach x2  
  103  6:05  Roach x3  
  113  6:11  Zerg Missile Weapons Level 2  
  113  6:15  Evolution Chamber  
  113  6:16  Drone x2  
  113  6:17  Drone  
  115  6:20  Drone x2  
  117  6:27  Drone x4, Spore Crawler  
  117  6:28  Overlord  
  117  6:31  Roach x3  
  117  6:32  Spore Crawler  
  125  6:33  Spore Crawler  
  125  6:37  Overlord  
  125  6:39  Roach  
  129  6:40  Roach x2  
  129  6:46  Overlord  
  129  6:47  Overseer, Overlord x2  
  129  6:52  Queen  
  129  6:54  Roach x2  
  135  7:05  Roach x6  
  138  7:11  Roach x3  
  144  7:20  Zerg Ground Armor Level 1  
  137  7:23  Drone x6  
  137  7:26  Roach x3  
  149  7:31  Roach x2  
  149  7:35  Overlord  
  153  7:40  Roach x3  
  159  7:44  Overlord x2  
  159  7:48  Roach x2  
  163  7:53  Overlord  
  163  7:55  Drone  
  163  7:56  Drone x3  
  163  7:57  Burrow  
  167  8:01  Ravager x3  
  167  8:02  Ravager x4  
  174  8:09  Overseer, Roach x4  
  180  8:16  Overlord x2  
  169  8:20  Roach x3  
  169  8:26  Roach x2  
  173  8:27  Roach  
  170  8:41  Roach x6  
  162  8:46  Roach x3  
  162  8:47  Overseer  
  166  8:54  Roach  
  166  8:55  Roach  
  170  9:00  Ravager x2  
  170  9:01  Ravager x2  
  170  9:03  Roach x3  
  170  9:04  Roach  
  170  9:09  Roach x2  
  184  9:19  Roach x3  
  184  9:20  Overseer  
  186  9:33  Roach x5  
  186  9:43  Roach x4  
  194  9:51  Spire  
  191  9:56  Roach x3  
  193  10:06  Roach  
  193  10:07  Roach x4  
  187  10:17  Roach x3  
  193  10:31  Hatchery  
  192  11:02  Overseer, Roach Warren  
  190  11:05  Mutalisk x5  
  190  11:10  Mutalisk  
  190  11:11  Mutalisk x3  
  194  11:15  Mutalisk x2  
  194  11:16  Mutalisk  
  180  11:20  Mutalisk  
  180  11:24  Mutalisk  
  166  11:30  Mutalisk  

Tags
 
Add a new tag
Caveats
  • Supply blocks, unpowered buildings, or Contaminate may cause inaccurate times.
  • Supply counts are checked every 10 seconds.